 Dungeon Crawl Stone Soup version 0.29-a0-82-g837932c90e (webtiles) character file.

Game seed: 13706202943306182598

57 lordive the Grasshopper (level 3, -7/30 HPs)
             Began as a Draconian Warper on Feb 4, 2022.
             Killed from afar by an orc wizard (8 damage)
             ... with a magic dart
             ... on level 2 of the Dungeon.
             The game lasted 00:01:17 (1306 turns).

lordive the Grasshopper (Draconian Warper)          Turns: 1306, Time: 00:01:18

Health: -7/30      AC:  5    Str: 13    XL:     3   Next: 73%
Magic:  6/6        EV: 12    Int: 15    God:
Gold:   9          SH:  0    Dex: 10    Spells: 1/6 levels left

rFire   . . .      SeeInvis .   a - +0 falchion
rCold   . . .      Faith    .   (no shield)
rNeg    . . .      Spirit   .   (armour unavailable)
rPois   .          Reflect  .   (helmet restricted)
rElec   .          Harm     .   (no cloak)
rCorr   .          Rampage  .   (no gloves)
Will    .....                   (no boots)
Stlth   +.........              (no amulet)
HPRegen 0.10/turn               (no ring)
MPRegen 0.10/turn               (no ring)

@: no status effects
A: AC +5, unfitting armour, cold-blooded
a: no special abilities


You were on level 2 of the Dungeon.
You visited 1 branch of the dungeon, and saw 2 of its levels.

You collected 9 gold pieces.

Inventory:

Hand Weapons
 a - a +0 falchion (weapon)
Missiles
 c - 5 boomerangs of dispersal (quivered)
 f - 3 boomerangs
Jewellery
 h - a ring of protection from fire
Scrolls
 b - a scroll of blinking
 e - a scroll of identify {unknown}
 g - a scroll of summoning {unknown}
 i - a scroll of vulnerability {unknown}


   Skills:
 + Level 2.7 Fighting
 + Level 2.4 Long Blades
 + Level 0.8 Throwing
 + Level 2.7 Dodging
 + Level 0.4 Stealth
 + Level 2.1 Spellcasting
 * Level 3.5 Translocations


You had one spell level left.
You knew the following spells:

 Your Spells              Type           Power      Damage    Failure   Level
a - Blink                 Tloc           24%        N/A       8%          2
b - Lesser Beckoning      Tloc           12%        N/A       16%         3

Your spell library contained the following spells:

 Spells                   Type           Power      Damage    Failure   Level
 Gell's Gravitas          Tloc           12%        N/A       16%         3
 Teleport Other           Tloc           12%        N/A       16%         3
 Manifold Assault         Tloc           12%        N/A       80%         5


Dungeon Overview and Level Annotations

Branches:
Dungeon (2/15)

Altars:

Portals:
Abyss: D:1***


Innate Abilities, Weirdness & Mutations

Your plain brown scales are hard. (AC +5)
You cannot fit into any form of body armour.
You are cold-blooded and may be slowed by cold attacks.


Message History

The orc wizard points at you and mumbles some strange words.
You resist with significant effort.
The orc wizard hits you but does no damage.
You hit the orc wizard.
The orc wizard is moderately wounded.
You closely miss something. Something hits you.
You closely miss something. Something hits you but does no damage.
You barely miss something. Something hits you.
The orc priest invokes the aid of Beogh against you.
Beogh smites you!
You hit something.
Your tail-slap misses something.
You hear some strange, mumbled words.
A magic dart appears from out of thin air!
The magic dart hits you.
Unknown command.
It was a potion of curing.
You feel better.
You hear some strange, mumbled words.
A puff of flame appears from out of thin air!
The puff of flame hits you.
The orc priest begins to cast a cantrip, but forgets the words!
The orc priest calls down the wrath of Beogh upon you.
Beogh smites you!
* * * LOW HITPOINT WARNING * * *
Something hits you but does no damage.
The orc priest looks braver for a moment.
There are monsters nearby!
An orc wizard is nearby!
An orc wizard is nearby!
You hear some strange, mumbled words.
Something tries to affect you, but you resist.
The orc wizard gestures at you while chanting.
The puff of flame hits something!
Reactivating autopickup.
You feel a bit more experienced.
The orc wizard gestures at you while chanting.
The magic dart hits you!
* * * LOW HITPOINT WARNING * * *
The orc wizard casts a spell at you. The magic dart hits you!
You die...

###########
#....<....# ###
#.#######.#
##.######.#..(....#
#......##.#.#####.#
##.##...#...#......
#.#..........###.#
#.##........## #..
#@###.##...#####..
#.# ####..........
#.# ##.......†.
###.# #.######..
#######...# #+# #..
#........## #..
#.#####..# #.. #.#
##.oo## #.#
.######.###.....###
#.#


You could see 2 orc wizards.

Vanquished Creatures
  An adder (D:2)
  3 dart slugs
  A ball python (D:1)
  2 bats (D:1)
  3 endoplasms
  2 goblins (D:1)
  8 jackals (D:1)
  2 kobolds (D:1)
  3 quokkas (D:1)
  A frilled lizard (D:1)
  3 rats
29 creatures vanquished.

Vanquished Creatures (others)
  An orc wizard (D:2)
1 creature vanquished.

Grand Total: 30 creatures vanquished

Notes
Turn   | Place    | Note
-------+----------+-------------------------------------------
     0 | D:1      | lordive the Draconian Warper began the quest for the Orb.
     0 | D:1      | Reached XP level 1. HP: 17/17 MP: 3/3
   238 | D:1      | Reached XP level 2. HP: 25/25 MP: 5/5
   682 | D:1      | Reached XP level 3. HP: 30/30 MP: 6/6
   814 | D:1      | Found a faded altar of an unknown god.
   910 | D:2      | Learned a level 2 spell: Blink
   914 | D:2      | Learned a level 3 spell: Lesser Beckoning
  1302 | D:2      | HP: 1/30 [orc wizard/magic dart (8)]
  1306 | D:2      | Killed from afar by an orc wizard

Illustrated notes

Levels and vault maps discovered:
D:1:      minmay_arrival_glassed_features, layout_basic,
          hellmonk_ecumenical_altar_heavens_door
D:2:      wander_river, layout_loops_corners, minmay_pentomino_q4

Action                   || total
-------------------------++-------
Melee: Falchion          ||   107
       Tailslap          ||    12
  Use: Potion            ||     1
 Stab: Sleeping          ||     1
Armor: Skin              ||    41
Dodge: Dodged            ||    83

Table legend: (Time is in decaauts)
 A = Elapsed time spent in this place.
 B = Non-inter-level travel time spent in this place.
 C = Inter-level travel time spent in this place.
 D = Time resting spent in this place.
 E = Time spent auto-exploring this place.
 F = Levels seen in this place.
 G = Mean time per level.
                   A        B        C        D        E       F      G
               +--------+--------+--------+--------+--------+-----+--------+
         Total |   1327 |   1316 |     11 |      0 |   1070 |   2 |  663.5 |
       Dungeon |   1327 |   1316 |     11 |      0 |   1070 |   2 |  663.5 |
               +--------+--------+--------+--------+--------+-----+--------+

Top non-repeatable levels by time:
     D:1: 923 daAuts
     D:2: 403 daAuts
